General information
- name: BNet
- type: Ladder team game (AT/RT)
- host: Battle.net
- saver: DaJokah
map: Deadlands
- players: 8
- length: 09:57
- speed: Fast
- version: 1.26 W3XP
- replay type: Public
» download(65 KB)
Players
team 1 (loser)

»
DropVision (
purple | 33 APM | 326 actions | 09:56)
3 Paladin
2 Divine Shield
1 Devotion Aura
» actions
| Build / train | 41 | |
| Enter build submenu | 18 | |
| Enter hero's abilities submenu | 3 | |
| Remove unit from queue | 2 | |
| Right click | 93 | |
| Select / deselect | 127 | |
| Use ability | 42 | |
326 total
» units
» upgrades
| Masonry | 2 | |
| Lumber Harvesting | 2 | |
4 total
» buildings
| Lumber Mill | 1 | |
| Farm | 12 | |
| Scout Tower | 14 | |
| Altar of Kings | 1 | |
| Keep | 1 | |
| Guard Tower | 7 | |
| Castle | 1 | |
| Gryphon Aviary | 5 | |
| Arcane Tower | 1 | |
43 total
» build order
00:24 Lumber Mill
01:08 Farm
01:10 Farm
01:13 Farm
01:16 Farm
01:18 Farm
01:25 Scout Tower
01:25 Scout Tower
01:26 Scout Tower
01:26 Scout Tower
01:27 Scout Tower
02:33 Altar of Kings
03:24 Keep
03:29 Guard Tower
03:32 Guard Tower
03:49 Farm
03:50 Farm
03:51 Farm
03:53 Farm
03:54 Farm
04:11 Guard Tower
04:21 Guard Tower
04:29 Scout Tower
04:30 Scout Tower
04:30 Scout Tower
04:32 Scout Tower
04:32 Scout Tower
04:44 Guard Tower
04:57 Scout Tower
05:09 Farm
05:10 Farm
05:55 Castle
05:59 Scout Tower
06:00 Scout Tower
06:01 Scout Tower
06:25 Gryphon Aviary
06:26 Gryphon Aviary
06:26 Gryphon Aviary
06:39 Arcane Tower
06:54 Guard Tower
07:06 Guard Tower
08:06 Gryphon Aviary
08:16 Gryphon Aviary
» items

»
thisisafish (
teal | 40 APM | 373 actions | 09:25)
3 Mountain King
2 Storm Bolt
1 Bash
» actions
| Assign group hotkey | 9 | |
| Basic commands | 37 | |
| Build / train | 32 | |
| Enter build submenu | 18 | |
| Enter hero's abilities submenu | 3 | |
| Give item / drop item | 1 | |
| Right click | 60 | |
| Select / deselect | 108 | |
| Select group hotkey | 63 | |
| Use ability | 42 | |
373 total
» units
» upgrades
» buildings
| Altar of Kings | 1 | |
| Farm | 6 | |
| Barracks | 1 | |
| Lumber Mill | 1 | |
| Arcane Vault | 1 | |
| Scout Tower | 2 | |
| Guard Tower | 2 | |
| Keep | 1 | |
| Blacksmith | 1 | |
| Castle | 1 | |
| Arcane Sanctum | 1 | |
18 total
» build order
00:16 Altar of Kings
00:18 Farm
00:26 Farm
00:40 Barracks
01:06 Farm
01:34 Lumber Mill
01:40 Farm
02:00 Arcane Vault
02:25 Farm
02:30 Farm
03:07 Scout Tower
03:38 Guard Tower
03:53 Keep
04:55 Blacksmith
05:10 Scout Tower
05:40 Guard Tower
06:29 Castle
07:08 Arcane Sanctum
» items
| Scroll of Regeneration | 1 | |
| Potion of Mana | 1 | |
2 total
Tiki_Taki (
yellow | 69 APM | 660 actions | 09:35)
3 Archmage
2 Summon Water Elemental
1 Brilliance Aura
» actions
| Assign group hotkey | 20 | |
| Basic commands | 17 | |
| Build / train | 40 | |
| ESC pressed | 2 | |
| Enter build submenu | 23 | |
| Enter hero's abilities submenu | 3 | |
| Right click | 246 | |
| Select / deselect | 127 | |
| Select group hotkey | 141 | |
| Use ability | 41 | |
660 total
» units
» upgrades
» buildings
| Altar of Kings | 1 | |
| Farm | 6 | |
| Blacksmith | 1 | |
| Barracks | 2 | |
| Scout Tower | 5 | |
| Arcane Tower | 4 | |
| Lumber Mill | 2 | |
| Guard Tower | 3 | |
| Town Hall | 1 | |
| Arcane Vault | 1 | |
| Keep | 2 | |
28 total
» build order
00:09 Altar of Kings
00:21 Farm
00:51 Farm
01:29 Farm
01:34 Blacksmith
01:48 Barracks
01:54 Scout Tower
02:11 Farm
02:23 Arcane Tower
02:51 Lumber Mill
04:13 Scout Tower
04:23 Scout Tower
04:26 Guard Tower
04:35 Arcane Tower
04:35 Arcane Tower
04:43 Lumber Mill
05:18 Town Hall
05:40 Farm
05:42 Scout Tower
05:46 Scout Tower
06:15 Guard Tower
06:15 Guard Tower
07:02 Farm
07:08 Barracks
07:53 Arcane Vault
08:53 Keep
08:53 Keep
hyc79 (
blue | 65 APM | 629 actions | 09:44)
2 Tauren Chieftain
1 War Stomp
1 Endurance Aura
2 Far Seer
1 Chain Lighting
1 Feral Spirit
» actions
| Assign group hotkey | 19 | |
| Basic commands | 62 | |
| Build / train | 38 | |
| Enter build submenu | 15 | |
| Enter hero's abilities submenu | 4 | |
| Right click | 158 | |
| Select / deselect | 108 | |
| Select group hotkey | 188 | |
| Use ability | 37 | |
629 total
» units
» upgrades
» buildings
| Altar of Storms | 1 | |
| Barracks | 1 | |
| Orc Burrow | 5 | |
| Voodoo Lounge | 1 | |
| Stronghold | 1 | |
| War Mill | 1 | |
| Watch Tower | 2 | |
| Fortress | 1 | |
| Spirit Lodge | 1 | |
14 total
» build order
00:12 Altar of Storms
00:16 Barracks
00:25 Orc Burrow
01:38 Orc Burrow
02:13 Voodoo Lounge
04:37 Stronghold
04:48 War Mill
05:00 Orc Burrow
05:24 Orc Burrow
06:18 Watch Tower
06:27 Watch Tower
06:57 Orc Burrow
07:03 Fortress
07:10 Spirit Lodge
» items
team 2 (winner)

»
SkinnyCows (
red | 60 APM | 600 actions | 09:56)
3 Dark Ranger
2 Black Arrow
1 Silence
» actions
| Assign group hotkey | 27 | |
| Basic commands | 51 | |
| Build / train | 46 | |
| Enter build submenu | 13 | |
| Enter hero's abilities submenu | 3 | |
| Right click | 137 | |
| Select / deselect | 83 | |
| Select group hotkey | 221 | |
| Use ability | 19 | |
600 total
» units
» upgrades
| Ultravision | 1 | |
| Strength of the Moon | 2 | |
| Moon Armor | 1 | |
| Improved Bows | 1 | |
5 total
» buildings
| Moon Well | 6 | |
| Ancient of War | 2 | |
| Altar of Elders | 1 | |
| Tree of Life | 1 | |
| Hunter's Hall | 1 | |
| Tree of Ages | 7 | |
| Tree of Eternity | 1 | |
| Ancient of Wind | 2 | |
21 total
» build order
00:18 Moon Well
00:22 Moon Well
00:51 Ancient of War
01:20 Altar of Elders
02:01 Moon Well
02:53 Moon Well
03:28 Ancient of War
04:16 Tree of Life
05:22 Hunter's Hall
06:06 Tree of Ages
06:06 Tree of Ages
06:06 Tree of Ages
06:06 Tree of Ages
06:57 Moon Well
07:15 Moon Well
08:57 Tree of Eternity
09:07 Ancient of Wind
09:18 Ancient of Wind

»
edwardrt (
orange | 35 APM | 42 actions | 01:11)
» actions
| Build / train | 4 | |
| Enter build submenu | 3 | |
| Right click | 11 | |
| Select / deselect | 21 | |
| Use ability | 3 | |
42 total
» units
» buildings
| Altar of Elders | 1 | |
| Moon Well | 1 | |
| Ancient of War | 1 | |
3 total
» build order
00:07 Altar of Elders
00:10 Moon Well
00:31 Ancient of War
FORESKIN (
pink | 51 APM | 505 actions | 09:56)
1 Blademaster
1 Wind Walk
» actions
| Assign group hotkey | 4 | |
| Basic commands | 32 | |
| Build / train | 25 | |
| Enter build submenu | 9 | |
| Enter hero's abilities submenu | 1 | |
| Right click | 293 | |
| Select / deselect | 119 | |
| Select group hotkey | 3 | |
| Use ability | 19 | |
505 total
» units
» upgrades
» buildings
| Orc Burrow | 4 | |
| Altar of Storms | 1 | |
| Barracks | 1 | |
| Voodoo Lounge | 1 | |
| War Mill | 1 | |
| Stronghold | 1 | |
9 total
» build order
00:12 Orc Burrow
00:15 Altar of Storms
00:36 Barracks
01:30 Orc Burrow
02:09 Voodoo Lounge
02:43 Orc Burrow
04:40 Orc Burrow
06:07 War Mill
08:12 Stronghold
» items
| Healing Salve | 1 | |
| Lesser Clarity Potion | 1 | |
| Scroll of Speed | 1 | |
3 total
DaJokah (
green | 95 APM | 949 actions | 09:57)
5 Blademaster
3 Wind Walk
2 Critical Strike
3 Priestess of the Moon
2 Trueshot Aura
1 Scout
» actions
| Assign group hotkey | 32 | |
| Basic commands | 30 | |
| Build / train | 54 | |
| Enter build submenu | 23 | |
| Enter hero's abilities submenu | 9 | |
| Remove unit from queue | 1 | |
| Right click | 298 | |
| Select / deselect | 227 | |
| Select group hotkey | 245 | |
| Use ability | 30 | |
949 total
» units
| Peon | 8 | |
| Wisp | 4 | |
| Grunt | 7 | |
| Archer | 13 | |
| Wind Rider | 3 | |
35 total
» upgrades
| Berserker Strength | 1 | |
| Armor | 1 | |
| Pillage | 1 | |
| Improved Bows | 1 | |
| Strength of the Moon | 2 | |
6 total
» buildings
| Orc Burrow | 4 | |
| Altar of Storms | 1 | |
| Barracks | 1 | |
| Moon Well | 4 | |
| Ancient of War | 1 | |
| Voodoo Lounge | 2 | |
| Stronghold | 1 | |
| Tree of Ages | 1 | |
| War Mill | 1 | |
| Great Hall | 1 | |
| Hunter's Hall | 1 | |
| Beastiary | 2 | |
| Watch Tower | 2 | |
22 total
» build order
00:30 Orc Burrow
00:42 Altar of Storms
00:59 Barracks
01:27 Orc Burrow
02:19 Moon Well
02:30 Orc Burrow
02:44 Ancient of War
03:16 Orc Burrow
03:21 Voodoo Lounge
03:32 Moon Well
03:45 Stronghold
04:52 Tree of Ages
05:10 Moon Well
05:14 War Mill
06:12 Great Hall
06:20 Hunter's Hall
06:24 Beastiary
06:26 Voodoo Lounge
06:27 Beastiary
07:45 Watch Tower
07:45 Watch Tower
09:08 Moon Well
Chat log
(00:06 / All) DaJokah: rewatching batman begins
(00:12 / All) thisisafish: good story
(00:15 / All) DaJokah: yeah
(00:20 / All) DaJokah: nolan did an awesome job
(00:22 / All) thisisafish: Tell some 1 who cares
(00:26 / All) DaJokah: lawl
(00:38 / All) DaJokah: I wasn't going to play
(00:46 / All) thisisafish: good story
(00:48 / All) DaJokah: I hope your fingers net you a loss
(00:55 / All) thisisafish: good story
(00:58 / All) FORESKIN: COOL STORY BRO
(01:02 / All) thisisafish: ^
(01:17 / All) thisisafish: gg
(01:22 / Allies) DaJokah: who wants
(01:24 / Allies) FORESKIN: whos got him?
(01:29 / All) thisisafish: gg
(01:30 / Allies) SkinnyCows: whoever is closest
(01:53 / Allies) DaJokah: I'll take him if we rush
(02:01 / Allies) FORESKIN: yes
(02:01 / Allies) FORESKIN: rush
(02:11 / Allies) DaJokah: I got
(02:15 / Allies) DaJokah: no one else use
(02:40 / Allies) DaJokah: get like 8+ units
(07:02 / Allies) FORESKIN: all meet
(07:28 / Allies) DaJokah: GO
(07:30 / Allies) DaJokah: caps
(09:22 / All) thisisafish: enjoy your easy victory noobs. you dont have skill..maybe if i got a team that actually played the right way would we of won
(09:33 / All) DaJokah: "cool story"